 Dungeon Crawl Stone Soup version 0.21-a0-243-g597973d (webtiles) character file.

59 Pippin the Grave Robber (level 3, -2/20 HPs)
             Began as a Deep Elf Wanderer on Sept 4, 2017.
             Slain by Crazy Yiuf
             ... wielding a +4 quarterstaff of chaos
              (11 damage)
             ... on level 2 of the Dungeon.
             The game lasted 00:03:44 (2320 turns).

Pippin the Grave Robber (Deep Elf Wanderer)         Turns: 2320, Time: 00:03:45

Health: -2/20      AC:  3    Str: 10    XL:     3   Next: 78%
Magic:  7/7        EV: 14    Int: 15    God:
Gold:   83         SH:  0    Dex: 15    Spells: 4/5 levels left

rFire    . . .     SeeInvis .   i - +3 spear
rCold    . . .     Gourm    .   (no shield)
rNeg     . . .     Faith    .   d - +0 robe
rPois    .         Spirit   .   (no helmet)
rElec    .         Reflect  .   (no cloak)
rCorr    .         Harm     .   (no gloves)
MR       .....                  r - +0 pair of boots
Stlth    ++........             (no amulet)
HPRegen  0.06/turn              (no ring)
MPRegen  0.10/turn              (no ring)

@: no status effects
A: no striking features
a: no special abilities


You were on level 2 of the Dungeon.
You were very hungry.

You visited 1 branch of the dungeon, and saw 2 of its levels.

You collected 83 gold pieces.

Inventory:

Hand Weapons
 i - a +3 spear (weapon)
Armour
 d - a +0 robe (worn)
 r - a +0 pair of boots (worn)
Jewellery
 u - an uncursed ring of resist corrosion {unknown}
Wands
 c - a wand of random effects (15/48)
Scrolls
 g - 3 scrolls of remove curse {unknown}
 n - a scroll of identify {unknown}
 p - 2 scrolls of magic mapping {unknown}
 q - a scroll of fog {unknown}
 s - a scroll of amnesia {unknown}
 t - a scroll of enchant weapon {unknown}
Potions
 e - 3 potions of brilliance
 j - a potion of cancellation {unknown}
 k - a potion of heal wounds
 m - a potion of resistance {unknown}
 o - 3 potions of degeneration {unknown}
Books
 a - a book of Necromancy

   Spells                             Type                      Level
   a - Pain                           Necromancy                   1
   b - Animate Skeleton               Necromancy                   1
   c - Vampiric Draining              Necromancy                   3
   d - Regeneration                   Charms/Necromancy            3
   e - Animate Dead                   Necromancy                   4
   f - Control Undead                 Necromancy                   4
 b - Kikubaaqudgha's Disquisition on Sinister Secrets

   Spells                             Type                      Level
   a - Animate Skeleton               Necromancy                   1
   b - Regeneration                   Charms/Necromancy            3
Comestibles
 f - 2 bread rations
 h - a royal jelly
 l - a fruit


   Skills:
 - Level 1.5 Fighting
 - Level 3.6 Dodging
 - Level 3.0 Stealth
 - Level 1.5 Spellcasting
   Level 1.3 Hexes
 + Level 3.7 Necromancy
 - Level 1.1 Evocations


You had 4 spell levels left.
You knew the following spells:

 Your Spells              Type           Power        Failure   Level  Hunger
a - Animate Skeleton      Necr           N/A          4%          1    ##.....


Dungeon Overview and Level Annotations

Branches:
Dungeon (2/15)

Altars:

Annotations:
D:2 Crazy Yiuf


Message History

Key pressed, stopping explore.
Partly explored, unopened runed door.
Partly explored, unopened runed door.
Partly explored, unopened runed door.
Partly explored, unopened runed door.
You open the door.
Crazy Yiuf the Enlightened comes into view.
He is wielding a quarterstaff of chaos.
Found a mace.
There is an open door here.
Crazy Yiuf shouts!
You closely miss Crazy Yiuf.
Crazy Yiuf hits you with a quarterstaff of chaos!
Crazy Yiuf burns you.
You are too injured to fight recklessly!
You closely miss Crazy Yiuf. Crazy Yiuf closely misses you.
You hit Crazy Yiuf.
Crazy Yiuf is lightly wounded.
Crazy Yiuf hits you with a quarterstaff of chaos!
Ouch! That really hurt!
You die...

#.....###########.....#
#...............'......
#....############.....#
###### #.....# #.....#
##### ############
#..)# #...########
#.g.# #...#.......
#.@.# #...#.######
##'## #...#.##.... ##.#
###.#....### #.##
#.###### ##.# #.######
#.## #.#....# ##.##
###.#.##.# #...##
#......#.# #....#
#......#.###


You could see Crazy Yiuf.

Vanquished Creatures
  An adder (D:2)
  An ooze (D:1)
  A dart slug (D:1)
  4 giant cockroaches
  5 goblins
  4 hobgoblins (D:1)
  6 jackals
  2 kobolds (D:2)
  6 bats
  7 frilled lizards
  3 rats
40 creatures vanquished.

Notes
Turn   | Place    | Note
-------+----------+-------------------------------------------
     0 | D:1      | Pippin the Deep Elf Wanderer began the quest for the Orb.
     0 | D:1      | Pippin set off with: a book of Necromancy, Kikubaaqudgha's Disquisition on Sinister Secrets, a wand of random effects (15/48), a +0 robe, a +0 dagger, a bread ration
     0 | D:1      | Reached XP level 1. HP: 12/12 MP: 5/5
     0 | D:1      | Identified Kikubaaqudgha's Disquisition on Sinister Secrets
     2 | D:1      | Learned a level 1 spell: Animate Skeleton
   194 | D:1      | Reached XP level 2. HP: 13/16 MP: 6/6
   638 | D:1      | Reached XP level 3. HP: 18/20 MP: 7/7
  1840 | D:2      | Found a runed door.
  2315 | D:2      | Noticed Crazy Yiuf
  2320 | D:2      | Slain by Crazy Yiuf

Vault maps used:
D:1:      dpeg_arrival_solitude
D:2:      uniq_crazy_yiuf_cottage

Skill      XL: |  1  2  3 |
---------------+----------+-----
Stealth        | 2 3 |  3.0
Necromancy     | 2 3 |  3.7
Fighting       | |  1.5
Dodging        | |  3.6
Spellcasting   | |  1.5
Hexes          | |  1.3
Evocations     | |  1.1

Action                   || total
-------------------------++-------
Melee: Spear             ||   123
       Dagger            ||     1
  Use: Potion            ||     2
 Stab: Sleeping          ||    11
       Distracted        ||     1
  Eat: Chunk             ||     3
Armor: Robe              ||    32
Dodge: Dodged            ||   109

Table legend:
 A = Spawn XP
 B = Non-spawn XP
 C = Spawn XP percentage of total XP
 D = Spawn monster count
 E = Non-spawn monster count
 F = Spawn count percentage of total count
 G = Total turns spent on level
                    A         B        C        D         E        F      G
               +---------+---------+-------+---------+---------+-------+---------
         Total |      29 |      56 |  34.1 |      10 |      30 |  25.0 |  2320
               +---------+---------+-------+---------+---------+-------+---------
           D:1 |      12 |      38 |  24.0 |       7 |      19 |  26.9 |  1301
           D:2 |      17 |      18 |  48.6 |       3 |      11 |  21.4 |  1019
               +---------+---------+-------+---------+---------+-------+---------
